 Dungeon Crawl Stone Soup version 0.30.0-19-g36f170ea60 (webtiles) character file.

Game seed: 3244354331619798379

97 Peloso the Covered (level 4, -2/40 HPs)
             Began as a Minotaur Fighter on May 26, 2023.
             Slain by a gnoll
             ... wielding a +0 halberd
              (12 damage)
             ... on level 2 of the Dungeon.
             The game lasted 00:02:06 (1465 turns).

Peloso the Covered (Minotaur Fighter)               Turns: 1465, Time: 00:02:07

Health: -2/40      AC:  7    Str: 21    XL:     4   Next: 42%
Magic:  3/3        EV:  9    Int:  5    God:
Gold:   117        SH:  4    Dex: 11    Spells: 3/3 levels left

rFire   . . .        a - +0 long sword
rCold   . . .        c - +0 buckler
rNeg    . . .        b - +0 scale mail
rPois   .            (helmet restricted)
rElec   .            (no cloak)
rCorr   .            (no gloves)
SInv    .            (no boots)
Will    .....        (no amulet) Stlth
                     (no ring)
HPRegen 0.26/turn    (no ring)
MPRegen 0.08/turn

%: no passive effects
@: no status effects
A: horns 2, retaliatory headbutt
a: no special abilities


You were on level 2 of the Dungeon.
You visited 1 branch of the dungeon, and saw 2 of its levels.

You collected 117 gold pieces.

Inventory:

Hand Weapons
 a - a +0 long sword (weapon)
Armour
 b - a +0 scale mail (worn)
 c - a +0 buckler (worn)
Jewellery
 k - a +6 ring of strength
Scrolls
 f - 2 scrolls of vulnerability {unknown}
 g - a scroll of poison {unknown}
 h - a scroll of acquirement {unknown}
 i - a scroll of blinking {unknown}
 j - 2 scrolls of identify {unknown}
Potions
 d - a potion of might
 e - a potion of curing
 l - a potion of degeneration {unknown}


   Skills:
 + Level 4.2 Fighting
 + Level 3.6 Long Blades
 + Level 4.7 Armour
 + Level 1.0 Dodging
 + Level 4.1 Shields


You had 3 spell levels left.
You didn't know any spells.
Your spell library contained the following spells:

 Spells                   Type           Power      Damage    Failure   Level
 Summon Small Mammal      Summ           0%         N/A       86%         1
 Call Canine Familiar     Summ           0%         N/A       99%         3
 Summon Guardian Golem    Hex/Summ       0%         N/A       99%         3


Dungeon Overview and Level Annotations

Branches:
Dungeon (2/15)

Altars:


Innate Abilities, Weirdness & Mutations

You have a pair of horns on your head.
You reflexively headbutt those who attack you in melee.


Message History

You hit the gnoll.
You kill the gnoll!
Your Dodging skill increases to level 1!
Things that are here:
a +0 whip; a +0 spear
f - 2 scrolls labelled YREUT RAYBUGH (gained 1)
Found a stone.
A gnoll comes into view. It is wielding a +0 halberd.
The gnoll shouts!
A gnoll comes into view. It is wielding a +0 club.
There are monsters nearby!
There are monsters nearby!
The gnoll shouts!
A gnoll comes into view. It is wielding a +0 whip.
The gnoll shouts!
An adder comes into view.
The gnoll barely misses you.
You hit the gnoll.
The gnoll is heavily wounded.
The gnoll hits you with a +0 club. You block the gnoll's attack.
The gnoll hits you from afar with a +0 halberd.
You block the gnoll's attack.
You barely miss the gnoll.
The gnoll is heavily wounded.
The gnoll barely misses you. The gnoll hits you with a +0 club.
You barely miss the gnoll.
The gnoll is moderately wounded.
You block the gnoll's attack. The gnoll hits you but does no damage.
You closely miss the gnoll. Your headbutt misses the gnoll.
The gnoll is moderately wounded.
The gnoll hits you with a +0 club. You block the gnoll's attack.
You hit the gnoll. Your headbutt misses the gnoll.
The gnoll is heavily wounded.
The gnoll hits you with a +0 club.
The gnoll hits you from afar with a +0 halberd!
* * * LOW HITPOINT WARNING * * *
The gnoll barely misses you. You furiously retaliate!
You headbutt the gnoll!
You kill the gnoll!
The gnoll hits you from afar with a +0 halberd!
You die...

#...$. ........ #.. ###....#
###.#####. #.. ..#.(..#
#......... #>. #.#....#
#.#.####.. #.# #.#....# #.#.# #..
## #.# #.#g...####.#. #.. .# #)##
#.#Sg....).... #.( .####..#
#.#)##.####.######..
....#..#######.#@##.##...........
....#....#.......<#.##.#.#######.
....#)##.#.###.##.#.##.......# #.
....).##....##.##.#.#.....##.# #.
...†###.....##.##.#.#.....##.# #.
#...###.###....##.#.#.....##.# #.
.....#.........##.#.####.###.# #.
####.#..####......#.# #...#.# #.
#.#..# #......#.## ###.#.###.


You could see 2 gnolls and an adder.

Vanquished Creatures
  2 adders (D:2)
  3 gnolls (D:2)
  2 worms
  2 dart slugs (D:1)
  3 ball pythons
  5 endoplasms
  2 giant cockroaches (D:1)
  4 goblins
  3 hobgoblins
  6 jackals (D:2)
  2 quokkas
  4 bats
  3 frilled lizards
  2 kobolds (D:1)
  4 rats
47 creatures vanquished.

Notes
Turn   | Place    | Note
-------+----------+-------------------------------------------
     0 | D:1      | Peloso the Minotaur Fighter began the quest for the Orb.
     0 | D:1      | Reached XP level 1. HP: 19/19 MP: 0/0
    96 | D:1      | Reached XP level 2. HP: 22/27 MP: 1/1
   582 | D:1      | Reached XP level 3. HP: 31/33 MP: 2/2
  1220 | D:2      | Reached XP level 4. HP: 31/40 MP: 3/3
  1344 | D:2      | Reached skill level 1 in Dodging
  1465 | D:2      | Slain by a gnoll

Illustrated notes

Levels and vault maps discovered:
D:1:      ncdulo_halloftheorcs, layout_loops_cross, nicolae_wormholes
D:2:      layout_basic

Skill      XL: |  1  2  3  4 |
---------------+-------------+-----
Fighting       | 4 |  4.2
Armour         | 4 |  4.7
Shields        | 4 |  4.1
Long Blades    | 3 |  3.6
Dodging        | 1 |  1.0

Action                     |  1- 3 |  4- 6 || total
---------------------------+-------+-------++-------
  Melee: Long sword        |    99 |    16 ||   115
         Headbutt          |    13 |     1 ||    14
    Use: Potion            |     2 |       ||     2
 Armour: Scale mail        |    52 |     8 ||    60
  Dodge: Dodged            |    60 |    12 ||    72
  Block: Buckler           |    30 |     7 ||    37
